 Dungeon Crawl Stone Soup version 0.28.0-43-g3370ac3207 (webtiles) character file.

Game seed: 1817443583871740249

51 pkoi the Charlatan (level 3, 0/27 HPs)
             Began as a Demigod Artificer on Mar 30, 2022.
             Slain by a worm (9 damage)
             ... on level 2 of the Dungeon.
             The game lasted 00:04:38 (3043 turns).

pkoi the Charlatan (Demigod Artificer)              Turns: 3043, Time: 00:04:39

Health: 0/27       AC:  3    Str: 13    XL:     3   Next: 38%
Magic:  5/5        EV: 11    Int: 17    God:
Gold:   69         SH:  0    Dex: 14    Spells: 2/2 levels left

rFire   . . .      SeeInvis .   f - +1 whip
rCold   . . .      Faith    .   (no shield)
rNeg    . . .      Spirit   .   b - +0 leather armour
rPois   .          Reflect  .   (no helmet)
rElec   .          Harm     .   (no cloak)
rCorr   .          Rampage  .   (no gloves)
Will    .....                   (no boots)
Stlth   +.........              (no amulet)
HPRegen 0.09/turn               (no ring)
MPRegen 0.09/turn               (no ring)

@: no status effects
A: high MP 1, forlorn, divine attributes
a: no special abilities


You were on level 2 of the Dungeon.
You visited 1 branch of the dungeon, and saw 2 of its levels.

You collected 69 gold pieces.

Inventory:

Hand Weapons
 a - a +0 club
 f - a +1 whip (weapon)
Missiles
 j - 4 boomerangs
Armour
 b - a +0 leather armour (worn)
Wands
 c - a wand of flame (11) (quivered)
 d - a wand of charming (12)
Scrolls
 i - a scroll of noise {unknown}
Potions
 g - 2 potions of degeneration {unknown}
 h - 2 potions of heal wounds {unknown}
Miscellaneous
 e - a piece from Xom's chessboard (10/15)


   Skills:
 - Level 0.8 Fighting
 - Level 1.7 Armour
 - Level 0.8 Dodging
 - Level 0.8 Stealth
 + Level 2.0 Unarmed Combat
 + Level 3.5 Evocations


You had 2 spell levels left.
You didn't know any spells.
Your spell library contained the following spells:

 Spells                   Type           Power      Damage    Failure   Level
 Slow                     Hex            0%         N/A       30%         1
 Ozocubu's Armour         Ice            0%         N/A       65%         3
 Metabolic Englaciation   Hex/Ice        0%         N/A       100%        5
 Simulacrum               Ice/Necr       0%         N/A       100%        6


Dungeon Overview and Level Annotations

Branches:
Dungeon (2/15)

Shops:
D:1 =


Innate Abilities, Weirdness & Mutations

You have an increased reservoir of magic. (+10% MP)
You shall have no god before yourself.
Your divine heritage dramatically boosts your attributes as you level up.


Message History

t - Shout!
Orders for allies: a - Attack new target. p - Attack previous target. r - Retreat! s - Stop attacking. g - Guard the area. f - Follow me.
Anything else - Cancel.
Gang up on whom?
Press: ? - help, Dir - move target, f - kobold, p - adder
Aim: a kobold, wielding a +0 club and quivering stones Attack!
Your adder barely misses the kobold.
Unknown command.
Your adder bites the kobold.
The kobold dies!
Things that are here:
a +0 club; 2 stones You see here 4 boomerangs.
j - 4 boomerangs What are your orders? t - Shout!
Orders for allies: a - Attack new target. r - Retreat! s - Stop attacking. g - Guard the area. f - Follow me.
Anything else - Cancel.
Retreat in which direction?
Press: ? - help, Dir - move target Fall back!
Found a scroll labelled UFRU POZUT.
Found a falchion.
The worm bites you.
You barely miss the worm. The worm bites you.
* * * LOW HITPOINT WARNING * * *
You hit the worm.
The worm is moderately wounded.
You hit the worm.
The worm is heavily wounded.
The worm bites you!
* * * LOW HITPOINT WARNING * * *
You completely miss the worm.
The worm is heavily wounded.
The worm bites you!
You die...

#### ...# .#.## #### ..##
....###≈≈#
##.?########..#≈≈≈≈.
##..............P≈♣≈.
#...w#........###P≈≈#
#)8.@#.......[....... #
#...##........#.....# #.
##..##......<.......#
#..#####.##.......######w.
#.......###......# ###
#.......# #......########
#####.### #.......<."w...
#.# #.......####### #.#
#........######


You could see a worm.

Vanquished Creatures
  An adder (D:2)
  2 worms
  A dart slug (D:1)
  3 bats
  An endoplasm (D:2)
  A giant cockroach (D:2)
  5 goblins
  4 hobgoblins
  2 ball pythons (D:1)
  A frilled lizard (D:1)
  5 kobolds (D:1)
  3 rats
29 creatures vanquished.

Vanquished Creatures (collateral kills)
  A ball python (D:2)
  An endoplasm (D:2)
  A goblin (D:2)
  A kobold (D:2)
4 creatures vanquished.

Vanquished Creatures (others)
  A hobgoblin (D:2)
  A fungus (D:1)
2 creatures vanquished.

Grand Total: 35 creatures vanquished

Notes
Turn   | Place    | Note
-------+----------+-------------------------------------------
     0 | D:1      | pkoi the Demigod Artificer began the quest for the Orb.
     0 | D:1      | Reached XP level 1. HP: 15/15 MP: 3/3
     9 | D:1      | Noticed an ogre
   158 | D:1      | Got Plato's Catalogue of Malediction
   589 | D:1      | Reached skill level 3 in Evocations
   629 | D:1      | Reached skill level 1 in Unarmed Combat
   717 | D:1      | Reached XP level 2. HP: 22/22 MP: 4/4
   847 | D:1      | Found Zaqurua's Jewellery Shoppe.
  1838 | D:2      | Reached XP level 3. HP: 27/27 MP: 5/5
  3043 | D:2      | Slain by a worm

Illustrated notes

Levels and vault maps discovered:
D:1:      evilmike_arrival_come_back, layout_loops_cross, serial_shops, shop,
          shapermc_ecumenical_altar_rom_forum
D:2:      layout_rooms, basic_altar, serial_bayou_pond_d,
          mrwooster_statue_mirror

Skill      XL: |  1  2  3 |
---------------+----------+-----
Evocations     | 3 |  3.5
Unarmed Combat | 1 2 |  2.0
Fighting       | |  0.8
Armour         | |  1.7
Dodging        | |  0.8
Stealth        | |  0.8

Action                   || total
-------------------------++-------
Melee: Whip              ||   135
       Club              ||     2
       Punch             ||     4
Evoke: Wand              ||     7
       Piece from Xom's  ||     6
  Use: Scroll            ||     1
 Stab: Sleeping          ||     4
Armor: Leather armour    ||    46
Dodge: Dodged            ||    79
